cohdb
Replays
Latest Replays
All Replays
Popular Replays
Top Player Replays
Match Explorer
How It Works
Community
CoH3 Stats
Reddit
Sign in to upload your games and track your stats! →
Sign in with Steam
Match 39923224
Unlisted
Match 39923224
Overview
Messages
Build Orders
End
Selects Italian Combined Arms Battlegroup
Selects Bersaglieri Squad
Bersaglieri Squad
Bersaglieri Squad
Construct Light Support Kompanie
Bersaglieri Squad
Selects Bersaglieri Bolster
Bersaglieri Squad
Fire Support Elements
Flakvierling Half-track
Panzerjäger Mechanized Group
Combat Half-tracks
2.5-tonne Medical Truck
Vehicle Survival Package
Construct Mechanized Kompanie
Bersaglieri Squad
Selects Breda Model 30 Light Machine Guns
Sam
ChaserofLight
ringring
光荣革命
苏大大
我的臭脚随莱闻
Gravey
KT6790
0
0
Comments
sign in to comment!
No comments posted yet!